 Dungeon Crawl Stone Soup version 0.29.1-15-g9cfb28693d (webtiles) character file.

Game seed: 5232581612778849878

5 Amplified the Firebug (level 1, -1/14 HPs)
             Began as a Demonspawn Fire Elementalist on Apr 28, 2023.
             Was an Initiate of Gozag.
             Frozen to death by an endoplasm (5 damage)
             ... on level 1 of the Dungeon.
             The game lasted 00:01:02 (187 turns).

Amplified the Firebug (Demonspawn Fire Elementalist) Turns: 187, Time: 00:01:04

Health: -1/14      AC:  2    Str:  8    XL:     1   Next: 66%
Magic:  2/3        EV: 12    Int: 16    God:    Gozag
Gold:   10         SH:  0    Dex: 13    Spells: 3/4 levels left

rFire   . . .      SeeInvis .   (no weapon)
rCold   . . .      Faith    .   (no shield)
rNeg    . . .      Spirit   .   a - +0 robe
rPois   .          Reflect  .   (no helmet)
rElec   .          Harm     .   (no cloak)
rCorr   .          Rampage  .   (no gloves)
Will    .....                   (no boots)
Stlth   ++........              (no amulet)
HPRegen 0.04/turn               (no ring)
MPRegen 0.08/turn               (no ring)

@: very slightly contaminated
A: no striking features
a: Renounce Religion, Potion Petition, Call Merchant, Bribe Branch


You were on level 1 of the Dungeon.
You worshipped Gozag.
Gozag was noncommittal.
You visited 1 branch of the dungeon, and saw 1 of its levels.

You collected 10 gold pieces.

Inventory:

Armour
 a - a +0 robe (worn)
Potions
 b - a potion of magic


   Skills:
 * Level 0.4 Fighting
 + Level 0.1 Armour
 - Level 1.7 Dodging
 - Level 1.7 Stealth
 * Level 2.1 Spellcasting
 + Level 1.1 Conjurations
 * Level 2.7 Fire Magic


You had 3 spell levels left.
You knew the following spells:

 Your Spells              Type           Power      Damage    Failure   Level
a - Foxfire               Conj/Fire      28%        2x1d5     10%         1

Your spell library contained the following spells:

 Spells                   Type           Power      Damage    Failure   Level
 Scorch                   Fire           20%        2d6       10%         2
 Conjure Flame            Conj/Fire      7%         6-21      28%         3
 Inner Flame              Hex/Fire       6%         N/A       34%         3
 Flame Wave               Conj/Fire      7%         2d5       67%         4


Dungeon Overview and Level Annotations

Branches:
Dungeon (1/15)

Altars:
Gozag


Message History

A rat comes into view.
Found a human skeleton.
Found a faded altar of an unknown god.
Found three human skeletons and a minotaur skeleton.
An endoplasm comes into view.
Found a stone staircase leading down.
The endoplasm quivers.
Casting: Foxfire (safe; 10% risk of failure)
Confirm with . or Enter, or press ? or * to list all spells.
You conjure some foxfire!
The rat completely misses you.
The foxfire hits the rat.
You kill the rat!
The foxfire hits the endoplasm.
The endoplasm is heavily wounded.
There is a faded altar of an unknown god here.
You cannot tell which god this altar belongs to.
Convert to them anyway?
Gozag accepts your prayer! Gozag welcomes you!
Gozag waives the service fee.
The endoplasm freezes you.
You are frozen.
You hit the endoplasm but do no damage.
The endoplasm is moderately wounded.
The endoplasm misses you.
You hit the endoplasm but do no damage.
The endoplasm is moderately wounded.
The endoplasm closely misses you.
You hit the endoplasm.
The endoplasm is severely wounded.
The endoplasm hits you.
* * * LOW HITPOINT WARNING * * *
Unknown command.
Casting: Foxfire (safe; 10% risk of failure)
Confirm with . or Enter, or press ? or * to list all spells.
You miscast Foxfire.
You are very lightly contaminated with residual magic.
Nothing appears to happen.
The endoplasm freezes you.
You are frozen.
You die...
Your body crumbles into a pile of gold.

$ .# .# .### .####
##... .....#########
....# ...#..÷..J@_#
#...# #..........#
#...# ###8.......#
#.###...#
#>........÷####.##)...#
#.#8..†÷.÷÷#.........##
#.8...8.#####.##..## #
#..###### ##..#..#
#.##.#### #......#
#.......#
##.#.#..######


You could see an endoplasm.

Vanquished Creatures
  3 hobgoblins (D:1)
  A kobold (D:1)
  A rat (D:1)
5 creatures vanquished.

Vanquished Creatures (others)
  12 foxfires (D:1)
12 creatures vanquished.

Grand Total: 17 creatures vanquished

Notes
Turn   | Place    | Note
-------+----------+-------------------------------------------
     0 | D:1      | Amplified the Demonspawn Fire Elementalist began the quest
                  | for the Orb.
     0 | D:1      | Reached XP level 1. HP: 13/13 MP: 3/3
   172 | D:1      | Found a faded altar of an unknown god.
   182 | D:1      | Prayed at the altar of an unknown god.
   182 | D:1      | Became a worshipper of Gozag Ym Sagoz the Greedy
   187 | D:1      | Frozen to death by an endoplasm

Illustrated notes

Levels and vault maps discovered:
D:1:      lightli_arrival_maybe_door_vault, layout_loops_ring, serial_glass,
          glass_columns_a, glass_columns_a, glass_columns_c, glass_columns_a,
          glass_columns_a, glass_columns_a, glass_columns_b, glass_columns_a,
          shapermc_ecumenical_altar_pompeii, minmay_pentomino_r2

Action                   || total
-------------------------++-------
Melee: Unarmed           ||     3
 Cast: Foxfire           ||     9
Armor: Robe              ||     2
Dodge: Dodged            ||    19
